 Dungeon Crawl Stone Soup version 0.31.0-11-ge490571c62 (webtiles) character file.

Game seed: 3994039525972634907

89973 oldriver the Warrior (level 16, -3/135 HPs)
             Began as a Djinni Fire Elementalist on Jan 27, 2024.
             Was the Champion of Makhleb.
             Slain by a ghost moth (8 damage)
             ... on level 3 of the Lair of Beasts on Jan 28, 2024.
             The game lasted 01:14:55 (28821 turns).

oldriver the Warrior (Djinni Fire Elementalist)    Turns: 28821, Time: 01:15:00

Health: -3/135     AC: 12    Str:  5 (7)  XL:     16   Next: 45%
Gold:   2314       EV: 14    Int: 21 (24) God:    Makhleb [******] SH:  0 Dex:  9 (15)

rFire   + . .        l - staff of cold
rCold   + . .        (no shield)
rNeg    . . .        E - +2 troll leather armour
rPois   ∞            i - +1 hat
rElec   .            b - +0 cloak
rCorr   .            t - +2 pair of gloves
SInv    .            (boots unavailable)
Will    ++...        a - amulet of regeneration
Stlth   ++           m - ring of willpower
HPRegen 2.02/turn    o - ring of ice
MPRegen 0.00/turn

%: infuse magic (-4 HP)
@: flying, studying Armour
A: sickness immunity, fire resistance 2, cold vulnerability 1, float, innate
caster, HP casting, extra vitality 1
a: Renounce Religion, Minor Destruction, Lesser Servant of Makhleb, Major
Destruction, Greater Servant of Makhleb


You were on level 3 of the Lair of Beasts.
You worshipped Makhleb.
Makhleb was exalted by your worship.
You visited 5 branches of the dungeon, and saw 24 of its levels.

You collected 2586 gold pieces.
You spent 272 gold pieces at shops.

Inventory:

Missiles
 p - 9 poisoned darts
 N - 4 curare-tipped darts
Armour
 b - a +0 cloak (worn)
 i - a +1 hat (worn)
 k - a +0 buckler
 t - a +2 pair of gloves (worn)
 u - the +0 helmet of Polish {Harm rCorr Str+4}
   (You took it off Robin on level 3 of the Dungeon)

   Str+4:     It affects your strength (+4).
   rCorr:     It protects you from acid and corrosion.
   Harm:      It increases damage dealt and taken.
 E - a +2 troll leather armour (worn)
Magical Staves
 c - a staff of alchemy
 l - a staff of cold (weapon)
Jewellery
 a - an amulet of regeneration (around neck)
 m - a ring of willpower (left hand)
 o - a ring of ice (right hand)
 P - a ring of positive energy
Wands
 v - a wand of roots (14)
 y - a wand of mindburst (5)
 A - a wand of charming (8)
 D - a wand of digging (7)
 F - a wand of light (2)
 O - a wand of polymorph (4)
Scrolls
 e - 4 scrolls of immolation
 f - 2 scrolls of vulnerability
 g - 2 scrolls of teleportation
 j - 3 scrolls of fog
 q - 2 scrolls of blinking
 C - 2 scrolls of poison
 I - a scroll of revelation
 M - 4 scrolls of identify
Potions
 d - 3 potions of mutation
 h - 5 potions of brilliance
 n - 3 potions of haste
 s - 3 potions of heal wounds
 w - 6 potions of might
 x - 13 potions of curing
 B - a potion of enlightenment
 G - 3 potions of resistance


   Skills:
 * Level 19.0 Fighting
 + Level 12.1 Armour
 + Level 12.1 Dodging
 - Level 5.0 Stealth
 + Level 1.2 Shields
 + Level 10.5 Spellcasting
 + Level 10.5 Conjurations
 + Level 10.5 Hexes
 + Level 10.5 Summonings
 + Level 10.5 Necromancy
 + Level 10.5 Translocations
 + Level 10.5 Fire Magic
 + Level 10.5 Ice Magic
 + Level 10.5 Air Magic
 + Level 10.5 Earth Magic
 + Level 10.5 Alchemy
 + Level 6.3 Invocations


You knew the following spells:

 Your Spells              Type           Power      Damage    Failure   Level
a - Foxfire               Conj/Fire      100%       2x1d9     1%          1
b - Scorch                Fire           100%       2d9       1%          2
c - Volatile Blastmotes   Fire/Tloc      100%       2d18      1%          3
d - Inner Flame           Hex/Fire       53%        N/A       1%          3
e - Ozocubu's Armour      Ice            90%        N/A       1%          3
f - Shock                 Conj/Air       100%       1d9       1%          1
g - Momentum Strike       Conj/Tloc      100%       3d10      1%          2
h - Sigil of Binding      Hex            53%        N/A       1%          3
i - Ignite Poison         Fire/Alch      53%        N/A       1%          4
m - Metabolic Englaciati  Hex/Ice        45%        N/A       3%          5
w - Flame Wave            Conj/Fire      53%        2d13      1%          4
z - Death Channel         Necr           26%        N/A       19%         6
Your spell library was empty.

Dungeon Overview and Level Annotations

Branches:
Dungeon (15/15)            Temple (1/1) D:7            Lair (5/5) D:10
  Swamp (0/4) Lair:3       Spider (1/4) Lair:3        Slime (0/5) Lair:5
    Orc (2/2) D:9             Elf (0/3) Orc:2        Vaults (0/5) D:14
 Depths: D:15

Altars:
Ashenzari
Cheibriados
Dithmenos
Elyvilon
Fedhas
Gozag
Hepliaklqana
Makhleb
Nemelex Xobeh
Okawaru
Qazlal
Ru
Trog
Uskayaw
Wu Jian
Xom
Yredelemnul
Zin
The Shining One
Jiyva

Shops:
D:11 (   D:15 [!:   Orc:2 ((!=

Annotations:
D:5 2 runed translucent doors, SnakkuSnakku7's ghost, novice AtHW
D:14 exclusion: ice statue
Lair:4 1 runed translucent door, runemage's ghost, journeyman GnFi
Lair:5 1 runed translucent door, Caath's ghost, journeyman DrFi


Innate Abilities, Weirdness & Mutations

You are immune to sickness and miasma.
You are immune to poison.
Your flesh is very heat resistant. (rF++)
You are vulnerable to cold. (rC-)
You float through the air rather than walking.
You learn spells naturally, not from books.
Your magical power is your life essence.
You have superior vitality. (+4 MHP)


Message History

Press: ? - help, Dir - look around, f - activate A wave of flame ripples out!
The flame wave engulfs something!! (Press . to intensify the flame waves.)
* * * LOW HITPOINT WARNING * * *
You feel you are being watched by something.
Something hits you but does no damage. Something hits you.
* * * LOW HITPOINT WARNING * * *
You feel clumsy.
Something stings you but does no damage.
A redback comes into view.
You feel you are being watched by something.
Something hits you but does no damage. Something hits you.
* * * LOW HITPOINT WARNING * * *
You feel clumsy. Something stings you.
* * * LOW HITPOINT WARNING * * *
You feel much better.
A culicivora comes into view.
Something barely misses you. Something hits you.
You feel dopey. Something stings you.
* * * LOW HITPOINT WARNING * * *
Something hits you!
* * * LOW HITPOINT WARNING * * *
Something hits you!
* * * LOW HITPOINT WARNING * * *
Something stings you but does no damage.
You fly upwards.
Welcome back to the Lair of Beasts!
Reactivating autopickup.
There is a hole to the Spider Nest here.
Casting: Flame Wave (mildly dangerous; 1% risk of failure)
Confirm with . or Enter, or press ? or * to list all spells.
You can't see any susceptible monsters within range! (Use Z to cast anyway.)
Something hits you!
* * * LOW HITPOINT WARNING * * *
Deactivating autopickup; reactivate with Ctrl-A.
Something hits you.
* * * LOW HITPOINT WARNING * * *
Something stings you!
You die...

#.............###..###.##.
##.......##.........#...##
#........###..#.....##....
#.........#####.....##....
#........## ###..#^.##..#.
##.......P###.###.###..##.
##.......###..##^#.###..#.
#........##.....#.#.#..##.
##.......@>...^..#.#...###
#..##...##.......#....# #
##..P##..##...##...##..# #
#...##P...#.#####..###.###
##...#.....###...#..##..#P
#..........###^....##..##
#....#......##.....##..#.
#.............#...###....
#............###..# #....


There were no monsters in sight!

Vanquished Creatures
  An orc warlord (Orc:2)
  A rakshasa (D:14)
  4 hydras
  An ogre mage (D:14)
  4 boulder beetles
  4 centaur warriors
  9 two-headed ogres
  Erica (D:8)
  A death knight (D:14)
  2 tengu warriors (D:14)
  5 death yaks
  Sonja (D:12)
  2 orc high priests (Orc:2)
  Nergalle (D:10)
  2 skysharks (Lair:5)
  Lodul (D:14)
  A skeletal warrior (D:14)
  5 orc knights
  A lindwurm (Lair:4)
  3 deep elf pyromancers
  A phantasmal warrior (D:14)
  An orc sorcerer (D:9)
  5 ugly things
  2 manticores
  5 cyclopes
  9 elephants
  3 black mambas
  6 kobold blastminers
  3 centaur skeletons (D:14)
  10 cane toads
  3 kobold demonologists (D:13)
  9 rime drakes
  2 unseen horrors (D:12)
  3 freezing wraiths
  2 yaktaurs (D:14)
  4 komodo dragons
  8 polar bears
  Prince Ribbit (D:5)
  9 trolls
  12 blink frogs
  6 hornets
  4 dream sheep (Lair:5)
  Sigmund (D:5)
  A jumping spider (shapeshifter) (D:14)
  9 slime creatures
  2 culicivoras (Lair:3)
  10 spriggans
  4 wraiths
  34 yaks
  7 wyverns
  2 basilisks
  4 wargs
  7 steam dragons
  7 vampire mosquitoes
  Grum (D:8)
  3 swamp worms (Lair:3)
  Edmund (D:5)
  An acid dragon (D:13)
  11 water moccasins
  52 orc warriors
  5 ice beasts
  A sky beast (D:8)
  3 black bears
  A crocodile (shapeshifter) (D:13)
  37 wolves
  9 ogres
  7 boggarts
  15 centaurs
  2 kobold brigands
  12 bullfrogs
  5 scorpions
  17 wights
  4 killer bees (D:11)
  7 howler monkeys
  2 electric eels (Lair:4)
  2 bombardier beetles
  5 jellies
  14 orc priests
  A gnoll bouda (D:8)
  5 hounds
  Jessica (D:2)
  Terence (D:2)
  7 hell rats
  4 iguanas
  16 orc wizards
  Robin (D:3)
  8 gnolls
  8 adders
  A white imp (D:6)
  2 ufetubi (D:5)
  A dart slug (D:1)
  96 orcs
  6 ball pythons
  3 bats
  5 endoplasms
  2 giant cockroaches
  17 goblins
  8 hobgoblins
  4 jackals (D:2)
  22 kobolds
  4 quokkas
  3 frilled lizards
  10 rats
  A butterfly (Lair:3)
700 creatures vanquished.

Vanquished Creatures (collateral kills)
  A death yak (Lair:5)
  A deep elf knight (D:14)
  A cyclops (Orc:1)
  A centaur skeleton (D:14)
  A yaktaur (D:14)
  A dream sheep (Lair:5)
  2 spriggans (Lair:5)
  3 orc warriors
  A black bear (Lair:5)
  A centaur (D:15)
  3 ogres
  2 orc priests (Orc:1)
  An orc wizard (Orc:2)
  A white imp (D:6)
  2 orcs
  17 foxfires
39 creatures vanquished.

Vanquished Creatures (others)
  An orc sorcerer (Orc:2)
  A kobold blastminer (Orc:2)
  An orc warrior (Orc:2)
  3392 foxfires
3395 creatures vanquished.

Grand Total: 4134 creatures vanquished

Notes
Turn   | Place    | Note
-------+----------+-------------------------------------------
     0 | D:1      | oldriver the Djinni Fire Elementalist began the quest for
                  | the Orb.
     0 | D:1      | oldriver set off with the following spells memorised:
                  | Foxfire, Scorch, Volatile Blastmotes, Inner Flame, Flame
                  | Wave.
     0 | D:1      | Reached XP level 1. HP: 15/15 MP: 0/0
   406 | D:1      | Reached XP level 2. HP: 20/22 MP: 0/0
   434 | D:1      | Found a faded altar of an unknown god.
   494 | D:1      | Reached skill level 1 in Fighting
   710 | D:1      | Reached XP level 3. HP: 12/28 MP: 0/0
   710 | D:1      | Learned a level 1 spell: Shock
  1010 | D:2      | Noticed Jessica
  1016 | D:2      | Killed Jessica
  1017 | D:2      | Reached skill level 2 in Fighting
  1017 | D:2      | Reached XP level 4. HP: 29/34 MP: 0/0
  1202 | D:2      | Noticed Terence
  1213 | D:2      | Killed Terence
  1214 | D:2      | Reached skill level 3 in Fighting
  1440 | D:2      | Reached XP level 5. HP: 37/40 MP: 0/0
  1440 | D:2      | Learned a level 2 spell: Momentum Strike
  2311 | D:3      | Identified the +0 helmet of Polish {Harm rCorr Str+4}
  2311 | D:3      | Noticed Robin
  2329 | D:3      | Killed Robin
  2441 | D:3      | Reached skill level 4 in Fighting
  2441 | D:3      | Reached XP level 6. HP: 34/47 MP: 0/0
  3293 | D:4      | Reached skill level 5 in Fighting
  3485 | D:4      | Noticed an ogre
  3493 | D:4      | Killed an ogre
  3494 | D:4      | Reached XP level 7. HP: 47/54 MP: 0/0
  3494 | D:4      | Learned a level 3 spell: Sigil of Binding
  3920 | D:5      | Entered Level 5 of the Dungeon
  3920 | D:5      | Noticed Prince Ribbit
  3920 | D:5      | Found a runed translucent door.
  3925 | D:5      | Killed Prince Ribbit
  3926 | D:5      | Reached skill level 6 in Fighting
  3934 | D:5      | Reached XP level 8. HP: 48/61 MP: 0/0
  4009 | D:5      | Found a runed translucent door.
  4010 | D:5      | Noticed SnakkuSnakku7's ghost (novice AtHW)
  4227 | D:5      | Noticed Edmund
  4233 | D:5      | Killed Edmund
  4234 | D:5      | Reached skill level 7 in Fighting
  4395 | D:5      | Noticed Sigmund
  4398 | D:5      | Killed Sigmund
  4399 | D:5      | Reached skill level 5 in Spellcasting
  4399 | D:5      | Reached skill level 5 in Conjurations
  4399 | D:5      | Reached skill level 5 in Hexes
  4399 | D:5      | Reached skill level 5 in Summonings
  4399 | D:5      | Reached skill level 5 in Necromancy
  4399 | D:5      | Reached skill level 5 in Translocations
  4399 | D:5      | Reached skill level 5 in Fire Magic
  4399 | D:5      | Reached skill level 5 in Ice Magic
  4399 | D:5      | Reached skill level 5 in Air Magic
  4399 | D:5      | Reached skill level 5 in Earth Magic
  4399 | D:5      | Reached skill level 5 in Alchemy
  4978 | D:6      | Reached skill level 8 in Fighting
  4978 | D:6      | Reached XP level 9. HP: 66/70 MP: 0/0
  4978 | D:6      | Learned a level 3 spell: Ozocubu's Armour
  5283 | D:6      | You are sucked into a shaft and drop 3 floors!
  5746 | D:9      | Found an ornate altar of the Wu Jian Council.
  5807 | D:8      | Noticed Erica
  5807 | D:8      | Noticed Grum
  6350 | D:9      | Reached skill level 9 in Fighting
  6443 | D:8      | Killed Grum
  6534 | D:7      | Found a staircase to the Ecumenical Temple.
  6545 | Temple   | Entered the Ecumenical Temple
  6552 | Temple   | Became a worshipper of Makhleb the Destroyer
  7140 | D:6      | Reached skill level 10 in Fighting
  7230 | D:6      | Reached XP level 10. HP: 58/80 MP: 0/0
  7233 | D:6      | Reached * piety under Makhleb
  8339 | D:7      | Reached skill level 11 in Fighting
  8428 | D:7      | Reached skill level 1 in Armour
  8741 | D:8      | Killed Erica
  9292 | D:9      | Reached skill level 5 in Dodging
  9711 | D:9      | Reached ** piety under Makhleb
  9712 | D:9      | Reached XP level 11. HP: 89/89 MP: 0/0
  9712 | D:9      | Learned a level 4 spell: Ignite Poison
  9736 | D:9      | Found a staircase to the Orcish Mines.
  9815 | D:9      | Reached skill level 12 in Fighting
  9916 | D:10     | Entered Level 10 of the Dungeon
 10101 | D:10     | Found a sparkling altar of Nemelex Xobeh.
 10103 | D:10     | Found a glowing silver altar of Zin.
 10104 | D:10     | Found an opulent altar of Gozag.
 10105 | D:10     | Found a hide-covered altar of Uskayaw.
 10108 | D:10     | Found an iron altar of Okawaru.
 10316 | D:10     | Noticed a two-headed ogre
 10554 | D:10     | Killed a two-headed ogre
 10572 | D:10     | Noticed Nergalle
 10606 | D:10     | Noticed a spectral orc warlord
 10676 | D:10     | Reached skill level 13 in Fighting
 10682 | D:10     | Reached *** piety under Makhleb
 10703 | D:10     | Found a staircase to the Lair.
 10791 | Lair:1   | Entered Level 1 of the Lair of Beasts
 11079 | Lair:1   | Reached XP level 12. HP: 98/98 MP: 0/0
 11633 | Lair:1   | Reached skill level 14 in Fighting
 11797 | Lair:1   | Identified a scroll of acquirement
 11797 | Lair:1   | Acquired a manual of Armour
 11894 | Lair:2   | Noticed a six-headed hydra
 11905 | Lair:2   | Killed a six-headed hydra
 12073 | Lair:2   | Noticed an eight-headed hydra
 12101 | Lair:2   | Killed an eight-headed hydra
 12102 | Lair:2   | Reached skill level 5 in Armour
 12350 | Lair:2   | Reached skill level 5 in Stealth
 12687 | Lair:2   | Reached **** piety under Makhleb
 13075 | Lair:3   | Reached XP level 13. HP: 106/106 MP: 0/0
 13075 | Lair:3   | Learned a level 5 spell: Metabolic Englaciation
 13248 | Lair:3   | Found a staircase to the Swamp.
 13320 | Lair:3   | Reached skill level 15 in Fighting
 13739 | Lair:3   | Found a hole to the Spider Nest.
 14159 | D:10     | Killed Nergalle
 14535 | D:11     | Found Geufe's Antique Weapon Shoppe.
 14852 | D:11     | Reached ***** piety under Makhleb
 15570 | D:12     | Noticed Sonja
 15576 | D:12     | Killed Sonja
 15846 | D:12     | Reached skill level 16 in Fighting
 16477 | D:13     | Reached XP level 14. HP: 116/116 MP: 0/0
 16840 | D:13     | Reached skill level 10 in Armour
 17064 | Orc:1    | Entered Level 1 of the Orcish Mines
 18043 | Lair:4   | Reached skill level 10 in Dodging
 19018 | Lair:4   | Found a runed translucent door.
 19019 | Lair:4   | Noticed runemage's ghost (journeyman GnFi)
 19841 | Lair:5   | Entered Level 5 of the Lair of Beasts
 19958 | Lair:4   | Reached ****** piety under Makhleb
 19970 | Lair:4   | Reached skill level 17 in Fighting
 21212 | Lair:5   | Found a staircase to the Slime Pits.
 21216 | Lair:5   | Found a viscous altar of Jiyva.
 21660 | Lair:5   | Reached XP level 15. HP: 120/124 MP: 0/0
 21660 | Lair:5   | Learned a level 6 spell: Death Channel
 21940 | Lair:5   | Found a runed translucent door.
 21942 | Lair:5   | Noticed Caath's ghost (journeyman DrFi)
 22023 | Lair:5   | Reached skill level 1 in Invocations
 22955 | Orc:2    | Entered Level 2 of the Orcish Mines
 23015 | Orc:1    | Reached skill level 18 in Fighting
 23149 | Orc:1    | You are sucked into a shaft and drop 1 floor!
 23377 | Orc:2    | Noticed an orc warlord
 23875 | Orc:2    | Found a staircase to the Elven Halls.
 24003 | Orc:2    | Reached skill level 10 in Spellcasting
 24003 | Orc:2    | Reached skill level 10 in Conjurations
 24003 | Orc:2    | Reached skill level 10 in Hexes
 24003 | Orc:2    | Reached skill level 10 in Summonings
 24003 | Orc:2    | Reached skill level 10 in Necromancy
 24003 | Orc:2    | Reached skill level 10 in Translocations
 24003 | Orc:2    | Reached skill level 10 in Fire Magic
 24003 | Orc:2    | Reached skill level 10 in Ice Magic
 24003 | Orc:2    | Reached skill level 10 in Air Magic
 24003 | Orc:2    | Reached skill level 10 in Earth Magic
 24003 | Orc:2    | Reached skill level 10 in Alchemy
 24483 | Orc:2    | Killed an orc warlord
 24884 | Orc:2    | Found Zotapn's Distillery.
 24884 | Orc:2    | Found Iniciutz's Antique Weapon Shop.
 24884 | Orc:2    | Found Rusus's Weapon Boutique.
 24887 | Orc:2    | Found Baokk's Jewellery Emporium.
 24891 | Orc:2    | Bought a potion of curing for 30 gold pieces
 24891 | Orc:2    | Bought a potion of curing for 30 gold pieces
 24891 | Orc:2    | Bought a potion of curing for 30 gold pieces
 24891 | Orc:2    | Bought a potion of curing for 30 gold pieces
 25647 | D:14     | Reached skill level 5 in Invocations
 26055 | D:14     | Reached XP level 16. HP: 120/134 MP: 0/0
 26518 | D:14     | Noticed Lodul
 26528 | D:14     | Killed Lodul
 26692 | D:14     | Found a gate to the Vaults.
 27630 | D:15     | Entered Level 15 of the Dungeon
 27822 | D:15     | Found Ruteuq's Distillery.
 27834 | D:15     | Reached skill level 19 in Fighting
 27861 | D:15     | Bought a potion of curing for 57 gold pieces
 27861 | D:15     | Bought a potion of heal wounds for 95 gold pieces
 27900 | D:15     | Found a blossoming altar of Fedhas.
 27934 | D:15     | Found Foomuh's Armour Shop.
 28017 | D:15     | Found Waizutie's Book Boutique.
 28133 | D:15     | Reached skill level 1 in Shields
 28807 | Spider:1 | Entered Level 1 of the Spider Nest
 28821 | Lair:3   | HP: 5/135 [something (6)]
 28821 | Lair:3   | Slain by a ghost moth

Illustrated notes

Levels and vault maps discovered:
D:1:      dpeg_arrival_circle_labyrinth_c, layout_basic,
          hellmonk_ecumenical_altar_blasted, nrook_campfire
D:2:      layout_loops_ring, uniq_jessica, uniq_terence
D:3:      layout_basic, chequers_hall_statues_wall_a, minmay_crystal_room,
          serial_bayou_pond_d, uniq_robin
D:4:      layout_cave_pools
D:5:      layout_gridville, ebering_ghost_sewer_f, nicolae_figureground_sparkle,
          uniq_prince_ribbit1, uniq_edmund, uniq_sigmund
D:6:      layout_layer_cave
D:7:      layout_rooms, minmay_temple_entry_nine_rooms
D:8:      layout_layer_cave, uniq_erica, uniq_grum
D:9:      cheibrodos_steamvent, layout_grid_maze, nicolae_overflow_squiral,
          orc_david_3
D:10:     layout_basic, minitemple, hellmonk_lair_entry_icy, uniq_nergalle
D:11:     layout_roguey, serial_shops, shop, centaur_isle
D:12:     layout_roguey, uniq_sonja
D:13:     layout_loops_ring
D:14:     layout_stronghold, hangedman_vaults_entry_quadrant_bands,
          roderic_roman_lattice, serial_shops, statue_bzr, uniq_lodul
D:15:     hangedman_depths_entry_civil_slaughter, layout_cave_pods,
          serial_shops, shop, shop, nicolae_square_shop, shop, shop,
          hangedman_glass_teeth, fedhas_altar_1
Temple:   nicolae_temple_no_exploring_needed
Lair:1:   layout_roguey, st_stairs_6
Lair:2:   layout_hall_layers, gauntlet_entry_generic, grunt_megastairs_1
Lair:3:   layout_long_grid, minmay_swamp_entry_worms,
          hellmonk_spider_entry_life_and_decay, lemuel_fruit_fields,
          lemuel_fruit_fields
Lair:4:   layout_hall_layers, gammafunk_ghost_grave, bh_autumn_forest_stairs,
          wad_woods_road_04, serial_bayou_shore_a, grunt_megastairs_5
Lair:5:   minmay_lair_end_enchanted_forest, layout_regular_city,
          nicolae_slime_entry_field_trip, ebering_ghost_inner_flame,
          grunt_megastairs_3
Spider:1: layout_chambers
Orc:1:    layout_caves, special_room [special_room_orc]
Orc:2:    st_orc_rangers, layout_caves, lightli_orcish_oven

Skill      XL: |  1  2  3  4  5  6  7  8  9 10 11 12 13 14 15 16 |
---------------+-------------------------------------------------+-----
Fighting       | 1 2 3 4 5 6 8 10 11 13 14 16 17 18 19 | 19.0
Spellcasting   | 4 5 6 7 8 9 10 | 10.5
Conjurations   | 4 5 6 7 8 9 10 | 10.5
Hexes          | 4 5 6 7 8 9 10 | 10.5
Summonings     | 4 5 6 7 8 9 10 | 10.5
Necromancy     | 4 5 6 7 8 9 10 | 10.5
Translocations | 4 5 6 7 8 9 10 | 10.5
Fire Magic     | 4 5 6 7 8 9 10 | 10.5
Ice Magic      | 4 5 6 7 8 9 10 | 10.5
Air Magic      | 4 5 6 7 8 9 10 | 10.5
Earth Magic    | 4 5 6 7 8 9 10 | 10.5
Alchemy        | 4 5 6 7 8 9 10 | 10.5
Stealth        | 2 3 4 5 |  5.0
Dodging        | 3 4 5 6 7 9 11 12 | 12.1
Armour         | 2 4 6 9 12 | 12.1
Invocations    | 5 6 |  6.3
Shields        | 1 |  1.2

Action                     |  1- 3 |  4- 6 |  7- 9 | 10-12 | 13-15 | 16-18 || total
---------------------------+-------+-------+-------+-------+-------+-------++-------
  Melee: Unarmed           |     1 |       |       |       |       |       ||     1
         Staff             |       |       |       |       |     3 |       ||     3
  Throw: Dart              |       |       |       |       |     2 |       ||     2
   Cast: Foxfire           |    51 |   219 |   240 |   428 |   926 |   124 ||  1988
         Scorch            |     1 |    16 |    36 |   126 |   347 |    95 ||   621
         Flame Wave        |       |       |     2 |    28 |   129 |    25 ||   184
         Sigil of Binding  |       |       |     2 |     4 |     2 |     5 ||    13
         Volatile Blastmot |       |       |       |     3 |       |       ||     3
         Metabolic Englaci |       |       |       |       |    12 |     3 ||    15
         Ozocubu's Armour  |       |       |       |       |     1 |       ||     1
         Death Channel     |       |       |       |       |    21 |     3 ||    24
  Evoke: Wand              |       |       |     1 |       |     7 |     1 ||     9
    Use: Scroll            |       |     2 |     6 |    14 |    14 |     4 ||    40
         Potion            |       |     1 |       |       |     1 |     2 ||     4
 Armour: Robe              |     4 |    10 |    14 |       |       |       ||    28
         Steam dragon scal |       |       |       |    49 |       |       ||    49
         Troll leather arm |       |       |       |    56 |   444 |   143 ||   643
  Dodge: Dodged            |       |    12 |    32 |    91 |   471 |    97 ||   703
